 Dungeon Crawl Stone Soup version 0.26-a0-800-g517d6fe721 (webtiles) character file.

Game seed: 7084698994776158122

298 robertstho the Ruffian (level 6, 0/52 HPs)
             Began as a Ghoul Fighter on Nov 11, 2020.
             Slain by a bullfrog (2 damage)
             ... in a sewer.
             The game lasted 00:04:24 (2658 turns).

robertstho the Ruffian (Ghoul Fighter)              Turns: 2658, Time: 00:04:25

Health: 0/52       AC:  5    Str: 21    XL:     6   Next: 35%
Magic:  0/5        EV:  5    Int:  4    God:
Gold:   253        SH:  9    Dex:  8    Spells: 5/5 levels left

rFire    . . .     SeeInvis .     - Unarmed
rCold    + . .     Faith    .   b - +0 kite shield
rNeg     + + +     Spirit   +   g - +0 chain mail
rPois    ∞         Reflect  .   (no helmet)
rElec    .         Harm     .   (no cloak)
rCorr    .         Rampage  .   (no gloves)
MR       .....                  (no boots)
Stlth    ..........             l - amulet of guardian spirit
HPRegen  0.00/turn              p - -4 ring of protection
MPRegen  0.09/turn              r - ring of attention

@: very slow
A: rotting body, claws 1, cold resistance 1, negative energy resistance 3,
inhibited regeneration, torment resistance, unbreathing
a: no special abilities


You were in a sewer.
You visited 1 branch of the dungeon, and saw 3 of its levels.
You also visited: Sewer.

You collected 253 gold pieces.

Inventory:

Armour
 b - a +0 kite shield (worn)
 g - a +0 chain mail (worn)
Jewellery
 l - an amulet of guardian spirit (around neck)
 p - a -4 ring of protection (left claw)
 r - a ring of attention (right claw)
Scrolls
 a - a scroll of fog {unknown}
 d - 2 scrolls of remove curse
 h - a scroll of enchant armour {unknown}
 i - 2 scrolls of identify
 j - a scroll of amnesia {unknown}
 k - a scroll of teleportation {unknown}
 m - 3 scrolls of immolation
 n - a scroll of magic mapping {unknown}
 q - a scroll of blinking {unknown}
 s - a scroll of enchant weapon {unknown}
Potions
 c - 2 potions of might
 e - a potion of lignification
 o - a potion of attraction {unknown}


   Skills:
 + Level 3.8 Fighting
 + Level 4.0 Armour
 + Level 0.3 Dodging
 + Level 0.5 Stealth
 + Level 3.9 Shields
 + Level 4.4 Unarmed Combat


You had 5 spell levels left.
You didn't know any spells.
Your spell library was empty.

Dungeon Overview and Level Annotations

Branches:
Dungeon (3/15)              Sewer (1/1)

Altars:

Annotations:
D:3 2 transporters


Innate Abilities, Weirdness & Mutations

Your body is rotting away.
You thrive by killing the living.
You are immune to poison.
You have sharp fingernails.
Your flesh is cold resistant. (rC+)
You are immune to negative energy. (rN+++)
You do not regenerate when monsters are visible.
You are immune to unholy pain and torment.
You can survive without breathing.


Message History

The bullfrog hits you.
* * * LOW HITPOINT WARNING * * *
The leopard gecko bites you.
* * * LOW HITPOINT WARNING * * *
Unknown command.
As you read the scroll labelled LAMOSE OPTITIU, it crumbles to dust.
You feel as if something is helping you.
It was a scroll of remove curse.
The bullfrog hits you.
* * * LOW HITPOINT WARNING * * *
You block the leopard gecko's attack. The bullfrog barely misses you.
As you read the scroll labelled TUMOPNIA YSUUHU, it crumbles to dust.
It is a scroll of identify.
m - 3 scrolls of immolation The leopard gecko hisses menacingly.
You block the leopard gecko's attack. The bullfrog hits you.
* * * LOW HITPOINT WARNING * * *
You enter the shallow water.
Moving in this stuff is going to be slow.
The bullfrog hits you.
You die...

##≈≈##.≈≈.≈≈≈≈≈##≈≈##
#≈≈.≈≈≈≈≈.≈≈≈≈≈.#≈≈≈#
#≈≈≈†≈#######≈.≈##†≈#
#######.###≈.≈≈≈##≈≈≈#≈≈#
#≈.≈≈≈###≈≈.≈≈≈.≈##≈≈#≈≈.
#≈≈≈≈≈#.≈≈†..≈.≈≈≈#≈≈##..
#.≈≈≈≈#.J##J..$.≈≈##≈≈#≈.
#.†#≈≈#lF#≈..(.?..≈#.≈#≈≈
#..#†≈#≈@#≈≈≈.(..≈≈#≈≈#.≈
#≈≈#≈##†.#≈≈≈≈.?≈≈≈#≈≈#≈≈
#≈≈#≈#≈≈≈#≈≈≈.≈.≈≈≈#≈≈#≈.
#≈≈#≈#∩≈.#≈≈≈≈≈≈≈≈≈#..#≈.
#≈≈#≈#≈≈≈##≈≈≈≈≈≈≈##≈≈#≈≈
#≈≈#≈###≈≈#≈≈≈≈≈≈≈#≈≈##..
#.≈#.≈.#.≈## ##††#≈..
##.##≈≈#≈≈≈## ##≈≈≈#≈≈#
#.≈#≈≈##≈≈.#####≈.≈##≈.#


You could see a bullfrog, an ooze and a leopard gecko.

Vanquished Creatures
  A bullfrog (Sewer)
  8 adders
  An ufetubus (D:3)
  11 oozes
  2 worms (D:3)
  11 leopard geckos
  11 ball pythons (Sewer)
  7 bats
  7 giant cockroaches
  5 goblins
  7 hobgoblins
  4 jackals (D:2)
  8 frilled lizards
  8 kobolds
  5 rats
96 creatures vanquished.

Vanquished Creatures (others)
  3 plants (D:1)
3 creatures vanquished.

Grand Total: 99 creatures vanquished

Notes
Turn   | Place    | Note
-------+----------+-------------------------------------------
     0 | D:1      | robertstho the Ghoul Fighter began the quest for the Orb.
     0 | D:1      | Reached XP level 1. HP: 19/19 MP: 0/0
   189 | D:1      | Reached XP level 2. HP: 26/26 MP: 1/1
   682 | D:1      | Reached XP level 3. HP: 31/31 MP: 2/2
  1014 | D:2      | Reached XP level 4. HP: 29/39 MP: 3/3
  1452 | D:3      | Found a transporter.
  1545 | D:3      | Found a transporter.
  1773 | D:3      | Found a glowing drain.
  1798 | Sewer    | Entered a sewer
  1831 | Sewer    | Reached XP level 5. HP: 22/46 MP: 2/4
  2618 | Sewer    | Reached XP level 6. HP: 52/52 MP: 5/5
  2657 | Sewer    | HP: 2/52 [bullfrog (3)]
  2658 | Sewer    | Slain by a bullfrog

Illustrated notes

Levels and vault maps discovered:
D:1:      nicolae_arrival_washed_ashore, layout_loops_ring, serial_bayou_pond_c,
          kennysheep_another_room
D:2:      layout_basic
D:3:      gammafunk_wand_slinger, layout_loops_ring, gup_sewer_entry_bubbles,
          uniq_terence
Sewer:    sewer_frog_island_02

Skill      XL: |  1  2  3  4  5  6 |
---------------+-------------------+-----
Armour         | 3 4 |  4.0
Shields        | 3 |  3.9
Unarmed Combat | 3 4 |  4.4
Fighting       | |  3.8
Dodging        | |  0.3
Stealth        | |  0.5

Action                   |  1- 3 |  4- 6 || total
-------------------------+-------+-------++-------
Melee: Unarmed           |   132 |   322 ||   454
  Use: Scroll            |       |     2 ||     2
       Potion            |       |     2 ||     2
Armor: Scale mail        |    22 |       ||    22
       Chain mail        |    83 |   137 ||   220
Dodge: Dodged            |    47 |    81 ||   128
Block: Kite shield       |    81 |   166 ||   247

Table legend: (Time is in decaauts)
 A = Elapsed time spent in this place.
 B = Non-inter-level travel time spent in this place.
 C = Inter-level travel time spent in this place.
 D = Time resting spent in this place.
 E = Time spent auto-exploring this place.
 F = Levels seen in this place.
 G = Mean time per level.
                   A        B        C        D        E       F      G
               +--------+--------+--------+--------+--------+-----+--------+
         Total |   2740 |   2724 |     16 |    134 |   1849 |   4 |  685.0 |
       Dungeon |   1821 |   1805 |     16 |      0 |   1392 |   3 |  607.0 |
         Sewer |    919 |    919 |      0 |    134 |    456 |   1 |  919.0 |
               +--------+--------+--------+--------+--------+-----+--------+

Top non-repeatable levels by time:
   Sewer: 919 daAuts
     D:1: 764 daAuts
     D:2: 585 daAuts
     D:3: 471 daAuts
